TOP OF THE 1ST |
Moose Jaw Ghostbusters batting - Pitching for San Diego Smashers : LHP José Hernando
|
Pitching: LHP José Hernando
|
|
Batting: SHB Lonnie Washington
|
0-0: Ball 1-0: Ball 2-0: Called Strike 2-1: Fly out, F7 (Flyball, 78D)
|
Batting: RHB Edmund Kline
|
0-0: Ball 1-0: Fly out, F4 (Popup, 23)
|
Batting: SHB Rafael Acosta
|
0-0: Fly out, F4 (Popup, 4S)
|
Top of the 1st over - 0 runs, 0 hits, 0 errors, 0 left on base; Moose Jaw 0 - San Diego 0 |
BOTTOM OF THE 1ST |
San Diego Smashers batting - Pitching for Moose Jaw Ghostbusters : RHP Ernesto Mendoza
|
Pitching: RHP Ernesto Mendoza
|
|
Batting: RHB Gerald Davis
|
0-0: Ball 1-0: Called Strike 1-1: Ball 2-1: Foul Ball, location: 2F 2-2: SINGLE (Groundball, 4MD)
|
Batting: LHB Richard Brooks
|
0-0: Ball 1-0: Foul Ball, location: 2F 1-1: Ball 2-1: Foul Ball, location: 2F 2-2: Fielders Choice at 2nd, 6-4 (Groundball, 6)
|
Batting: LHB Steven Smith
|
0-0: Called Strike 0-1: Ball 1-1: Foul Ball, location: 2F 1-2: Fly out, F8 (Line Drive, 78D)
|
Batting: LHB Jon Rogers
|
0-0: Ball 1-0: Ball 2-0: SINGLE (Flyball, 78S) Richard Brooks to second
|
Batting: RHB Ray Rogers
|
0-0: Ground out 5-3 (Groundball, 56S)
|
Bottom of the 1st over - 0 runs, 2 hits, 0 errors, 2 left on base; Moose Jaw 0 - San Diego 0 |
TOP OF THE 2ND |
Moose Jaw Ghostbusters batting - Pitching for San Diego Smashers : LHP José Hernando
|
Batting: RHB Scott McGuire
|
0-0: Foul Ball, location: 2F 0-1: Foul Ball, location: 2F 0-2: Fly out, F8 (Flyball, 8RD)
|
Batting: RHB Aaron Murray
|
0-0: Called Strike 0-1: Ball 1-1: Ball 2-1: SOLO HOME RUN (Line Drive, 9LD), Distance : 353 ft
|
Batting: LHB Bernard Lane
|
0-0: Ball 1-0: Ball 2-0: Ground out U3 (Groundball, 3)
|
Batting: RHB José Maldonado
|
0-0: Called Strike 0-1: Foul Ball, location: 2F 0-2: Foul Ball, location: 2F 0-2: Ball 1-2: Ball 2-2: Foul Ball, location: 2F 2-2: Foul Ball, location: 2F 2-2: Fly out, F7 (Flyball, 7LS)
|
Top of the 2nd over - 1 run, 1 hit, 0 errors, 0 left on base; Moose Jaw 1 - San Diego 0 |
BOTTOM OF THE 2ND |
San Diego Smashers batting - Pitching for Moose Jaw Ghostbusters : RHP Ernesto Mendoza
|
Batting: RHB Manuel Martínez
|
0-0: Called Strike 0-1: Called Strike 0-2: Ball 1-2: SINGLE (Groundball, 6D)
|
Batting: RHB Ramón Ramírez
|
0-0: Ball 1-0: Ball 2-0: Fly out, F9 (Flyball, 9LMF)
|
Batting: RHB Manny Torrez
|
0-0: Ball 1-0: Ball 2-0: Foul Ball, location: 2F 2-1: Fly out, F8 (Flyball, 8LXD)
|
Batting: SHB Michael Aisher
|
0-0: Ball 1-0: Called Strike 1-1: Fly out, F5 (Popup, 5SF)
|
Bottom of the 2nd over - 0 runs, 1 hit, 0 errors, 1 left on base; Moose Jaw 1 - San Diego 0 |
TOP OF THE 3RD |
Moose Jaw Ghostbusters batting - Pitching for San Diego Smashers : LHP José Hernando
|
Batting: SHB Martín Cruz
|
0-0: Ball 1-0: SINGLE (Groundball, 34D)
|
Batting: RHB Preston Manning
|
0-0: Ball 1-0: Swinging Strike 1-1: 2-RUN HOME RUN (Line Drive, 7LD), Distance : 340 ft
|
Batting: SHB Lonnie Washington
|
0-0: Ball 1-0: Foul Ball, location: 2F 1-1: Ball 2-1: Foul Ball, location: 2F 2-2: SINGLE (Line Drive, 34D)
|
Batting: RHB Edmund Kline
|
0-0: Ball 1-0: Ball 2-0: Called Strike 2-1: Swinging Strike 2-2: Ground out 3-1 (Groundball, 34) Lonnie Washington to second
|
Batting: SHB Rafael Acosta
|
0-0: Ground out 6-3 (Groundball, 6) Lonnie Washington to third
|
Batting: RHB Scott McGuire
|
0-0: Swinging Strike 0-1: Ball 1-1: Called Strike 1-2: Strikes out swinging
|
Top of the 3rd over - 2 runs, 3 hits, 0 errors, 1 left on base; Moose Jaw 3 - San Diego 0 |
BOTTOM OF THE 3RD |
San Diego Smashers batting - Pitching for Moose Jaw Ghostbusters : RHP Ernesto Mendoza
|
Batting: RHB Gerald Davis
|
0-0: Bunt for hit - play at first, batter OUT! 1-3
|
Batting: LHB Richard Brooks
|
0-0: Ball 1-0: Ball 2-0: Foul Ball, location: 2F 2-1: Foul Ball, location: 2F 2-2: Ground out 1-3 (Groundball, 13S)
|
Batting: LHB Steven Smith
|
0-0: Ball 1-0: Called Strike 1-1: Called Strike 1-2: Ball 2-2: Ball 3-2: Foul Ball, location: 2F 3-2: Ground out 4-3 (Groundball, 4M)
|
Bottom of the 3rd over - 0 runs, 0 hits, 0 errors, 0 left on base; Moose Jaw 3 - San Diego 0 |
TOP OF THE 4TH |
Moose Jaw Ghostbusters batting - Pitching for San Diego Smashers : LHP José Hernando
|
Batting: RHB Aaron Murray
|
0-0: Foul Ball, location: 2F 0-1: Ball 1-1: Ball 2-1: Ball 3-1: Base on Balls
|
Batting: LHB Bernard Lane
|
0-0: Ball 1-0: Swinging Strike 1-1: Foul Ball, location: 2F 1-2: Ball 2-2: Strikes out swinging
|
Batting: RHB José Maldonado
|
0-0: Foul Ball, location: 2F 0-1: Foul Ball, location: 2F 0-2: Strikes out swinging
|
Batting: SHB Martín Cruz
|
0-0: Called Strike 0-1: Ball 1-1: Ball 2-1: Ball 3-1: SINGLE (Groundball, 56D) Aaron Murray to second
|
Batting: RHB Preston Manning
|
0-0: Called Strike 0-1: Ground out U3 (Groundball, 3)
|
Top of the 4th over - 0 runs, 1 hit, 0 errors, 2 left on base; Moose Jaw 3 - San Diego 0 |
BOTTOM OF THE 4TH |
San Diego Smashers batting - Pitching for Moose Jaw Ghostbusters : RHP Ernesto Mendoza
|
Batting: LHB Jon Rogers
|
0-0: Swinging Strike 0-1: Foul Ball, location: 2F 0-2: Fly out, F5 (Popup, 5S)
|
Batting: RHB Ray Rogers
|
0-0: Ground out 5-3 (Groundball, 56)
|
Batting: RHB Manuel Martínez
|
0-0: Fly out, F9 (Flyball, 89M)
|
Bottom of the 4th over - 0 runs, 0 hits, 0 errors, 0 left on base; Moose Jaw 3 - San Diego 0 |
TOP OF THE 5TH |
Moose Jaw Ghostbusters batting - Pitching for San Diego Smashers : LHP José Hernando
|
Batting: SHB Lonnie Washington
|
0-0: Ball 1-0: Ball 2-0: Ball 3-0: Base on Balls
|
Batting: RHB Edmund Kline
|
0-0: Ball 1-0: Ball 2-0: SINGLE (Line Drive, 7S) Lonnie Washington to second
|
Batting: SHB Rafael Acosta
|
0-0: Called Strike 0-1: Called Strike Lonnie Washington steals 3rd base Edmund Kline to second 0-2: SINGLE (Groundball, 3D) Lonnie Washington scores Edmund Kline to third Runner from 3rd tries for Home, SAFE, no throw
|
Batting: RHB Scott McGuire
|
0-0: Fly out, F9 (Flyball, 89S)
|
Batting: RHB Aaron Murray
|
0-0: Ball 1-0: Foul Ball, location: 2F 1-1: Foul Ball, location: 2F 1-2: Foul Ball, location: 2F 1-2: Ball 2-2: Fly out, F8 (Flyball, 8RD)
|
Batting: LHB Bernard Lane
|
0-0: Called Strike 0-1: Swinging Strike 0-2: Foul Ball, location: 2F 0-2: Foul Ball, location: 2F 0-2: Ball 1-2: Foul Ball, location: 2F 1-2: Strikes out swinging
|
Top of the 5th over - 2 runs, 2 hits, 0 errors, 1 left on base; Moose Jaw 5 - San Diego 0 |
BOTTOM OF THE 5TH |
San Diego Smashers batting - Pitching for Moose Jaw Ghostbusters : RHP Ernesto Mendoza
|
Batting: RHB Ramón Ramírez
|
0-0: Ball 1-0: Fly out, F6 (Line Drive, 6)
|
Batting: RHB Manny Torrez
|
0-0: Swinging Strike 0-1: Ball 1-1: Fly out, F4 (Line Drive, 4)
|
Batting: SHB Michael Aisher
|
0-0: Swinging Strike 0-1: Called Strike 0-2: SINGLE (Line Drive, 8LS)
|
Batting: RHB Gerald Davis
|
0-0: Called Strike Michael Aisher steals 2nd base 0-1: Foul Ball, location: 2F 0-2: Ball 1-2: Ball 2-2: Foul Ball, location: 2F 2-2: Ball 3-2: DOUBLE (Flyball, 8LD) Michael Aisher scores
|
Batting: LHB Richard Brooks
|
0-0: Ball 1-0: Ball 2-0: Swinging Strike 2-1: Ball 3-1: Called Strike 3-2: Base on Balls
|
Batting: LHB Steven Smith
|
0-0: Ball 1-0: Swinging Strike 1-1: Ball 2-1: Ball 3-1: SINGLE (Flyball, 78S) Gerald Davis to third Richard Brooks to second Runner from 3rd tries for Home, SAFE, throw made home
|
Batting: LHB Jon Rogers
|
0-0: Foul Ball, location: 2F 0-1: Ball 1-1: Called Strike 1-2: Ball 2-2: SINGLE (Line Drive, 3D) Richard Brooks to third Steven Smith to second Runner from 3rd tries for Home, throw and OUT!
|
Bottom of the 5th over - 2 runs, 4 hits, 0 errors, 2 left on base; Moose Jaw 5 - San Diego 2 |
TOP OF THE 6TH |
Moose Jaw Ghostbusters batting - Pitching for San Diego Smashers : LHP José Hernando
|
Batting: RHB José Maldonado
|
0-0: Called Strike 0-1: Ball 1-1: Ball 2-1: Foul Ball, location: 2F 2-2: Strikes out swinging
|
Batting: SHB Martín Cruz
|
0-0: Called Strike 0-1: Foul Ball, location: 2F 0-2: Ball 1-2: Ball 2-2: Ball 3-2: Base on Balls
|
Pitching: RHP Chris Jacobs
|
|
Batting: RHB Preston Manning
|
0-0: Ball 1-0: Called Strike 1-1: Swinging Strike 1-2: Strikes out swinging
|
Batting: SHB Lonnie Washington
|
0-0: Ground out 5-3 (Groundball, 56S)
|
Top of the 6th over - 0 runs, 0 hits, 0 errors, 1 left on base; Moose Jaw 5 - San Diego 2 |
BOTTOM OF THE 6TH |
San Diego Smashers batting - Pitching for Moose Jaw Ghostbusters : RHP Ernesto Mendoza
|
Batting: RHB Ray Rogers
|
0-0: Ball 1-0: Fly out, F4 (Popup, 34)
|
Batting: RHB Manuel Martínez
|
0-0: Called Strike 0-1: Ball 1-1: Called Strike 1-2: Reached on error, E4 (Groundball, 4)
|
Batting: RHB Ramón Ramírez
|
0-0: Ball 1-0: Foul Ball, location: 2F 1-1: Ball 2-1: Called Strike 2-2: Strikes out looking
|
Batting: RHB Manny Torrez
|
0-0: Fielders Choice at 2nd, 5-4 (Groundball, 56)
|
Bottom of the 6th over - 0 runs, 0 hits, 1 error, 1 left on base; Moose Jaw 5 - San Diego 2 |
TOP OF THE 7TH |
Moose Jaw Ghostbusters batting - Pitching for San Diego Smashers : RHP Chris Jacobs
|
Batting: RHB Edmund Kline
|
0-0: SINGLE (Flyball, 89S)
|
Batting: SHB Rafael Acosta
|
0-0: Called Strike 0-1: Ball 1-1: Called Strike 1-2: Ball 2-2: Strikes out looking
|
Batting: RHB Scott McGuire
|
0-0: Called Strike 0-1: Called Strike 0-2: Ball 1-2: Fly out, F9 (Flyball, 9LS)
|
Batting: RHB Aaron Murray
|
0-0: Foul Ball, location: 2F 0-1: Ball 1-1: Foul Ball, location: 2F 1-2: Ground out 4-3 (Groundball, 4)
|
Top of the 7th over - 0 runs, 1 hit, 0 errors, 1 left on base; Moose Jaw 5 - San Diego 2 |
BOTTOM OF THE 7TH |
San Diego Smashers batting - Pitching for Moose Jaw Ghostbusters : RHP Ernesto Mendoza
|
Batting: SHB Michael Aisher
|
0-0: Swinging Strike 0-1: Ground out 4-3 (Groundball, 4)
|
Batting: RHB Gerald Davis
|
0-0: Ball 1-0: Ground out 6-3 (Groundball, 6)
|
Batting: LHB Richard Brooks
|
0-0: Ball 1-0: Ball 2-0: Called Strike 2-1: SINGLE (Line Drive, 89S)
|
Pitching: LHP Teuk-chin Kim
|
|
Batting: LHB Steven Smith
|
0-0: Ball 1-0: Called Strike 1-1: Ball 2-1: Fielders Choice at 2nd, 6-4 (Groundball, 6)
|
Bottom of the 7th over - 0 runs, 1 hit, 0 errors, 1 left on base; Moose Jaw 5 - San Diego 2 |
TOP OF THE 8TH |
Moose Jaw Ghostbusters batting - Pitching for San Diego Smashers : RHP Chris Jacobs
|
Batting: LHB Bernard Lane
|
0-0: Foul Ball, location: 2F 0-1: Foul Ball, location: 2F 0-2: SINGLE (Groundball, 4MD)
|
Batting: RHB José Maldonado
|
0-0: Ball 1-0: Bunted foul 1-1: Bunt missed! 1-2: Ball 2-2: Ball 3-2: Foul Ball, location: 2F 3-2: Base on Balls Bernard Lane to second
|
Batting: SHB Martín Cruz
|
0-0: Called Strike 0-1: Ball 1-1: Fly out, F3 (Line Drive, 3S) Lined into DP, 3-6 (Line Drive, 3S)
|
Batting: RHB Preston Manning
|
0-0: Called Strike 0-1: Called Strike 0-2: Ball 1-2: Ball 2-2: Strikes out swinging
|
Top of the 8th over - 0 runs, 1 hit, 0 errors, 1 left on base; Moose Jaw 5 - San Diego 2 |
BOTTOM OF THE 8TH |
San Diego Smashers batting - Pitching for Moose Jaw Ghostbusters : LHP Teuk-chin Kim
|
Batting: LHB Jon Rogers
|
0-0: Ball 1-0: Ball 2-0: Swinging Strike 2-1: Called Strike 2-2: SINGLE (Flyball, 78S)
|
Batting: RHB Ray Rogers
|
0-0: Foul Ball, location: 2F 0-1: Ball 1-1: Ball 2-1: Ball 3-1: Called Strike 3-2: Strikes out swinging Jon Rogers steals 2nd base Batter strikes out.
|
Batting: RHB Manuel Martínez
|
0-0: Ball Wild Pitch! Jon Rogers to third 1-0: Swinging Strike 1-1: Foul Ball, location: 2F 1-2: Ball 2-2: Strikes out looking
|
Batting: RHB Ramón Ramírez
|
0-0: Ball 1-0: Called Strike 1-1: TRIPLE (Flyball, 89XD) Jon Rogers scores
|
Batting: RHB Manny Torrez
|
0-0: Called Strike 0-1: Ball 1-1: Ball 2-1: Ball 3-1: Base on Balls
|
Pitching: RHP José Orozco
|
|
Pinch Hitting: LHB Vernon Hill
|
0-0: Ball 1-0: Ground out U3 (Groundball, 34S)
|
Bottom of the 8th over - 1 run, 2 hits, 0 errors, 2 left on base; Moose Jaw 5 - San Diego 3 |
TOP OF THE 9TH |
Moose Jaw Ghostbusters batting - Pitching for San Diego Smashers : RHP Chris Jacobs
|
Now at 2B: Preston Wooten
|
|
Batting: SHB Lonnie Washington
|
0-0: Called Strike 0-1: Ball 1-1: Foul Ball, location: 2F 1-2: Ground out 3-1 (Groundball, 34S)
|
Batting: RHB Edmund Kline
|
0-0: Called Strike 0-1: Called Strike 0-2: Strikes out swinging
|
Batting: SHB Rafael Acosta
|
0-0: Called Strike 0-1: Ball 1-1: Ball 2-1: Foul Ball, location: 2F 2-2: SOLO HOME RUN (Flyball, 9LD), Distance : 373 ft
|
Batting: RHB Scott McGuire
|
0-0: Foul Ball, location: 2F 0-1: Ball 1-1: Foul Ball, location: 2F 1-2: Foul Ball, location: 2F 1-2: Foul Ball, location: 2F 1-2: Fly out, F9 (Flyball, 9LMF)
|
Top of the 9th over - 1 run, 1 hit, 0 errors, 0 left on base; Moose Jaw 6 - San Diego 3 |
BOTTOM OF THE 9TH |
San Diego Smashers batting - Pitching for Moose Jaw Ghostbusters : RHP José Orozco
|
Pitching: RHP António Peña
|
|
Batting: RHB Gerald Davis
|
0-0: Called Strike 0-1: Ball 1-1: Ball 2-1: Ball 3-1: Base on Balls
|
Batting: LHB Richard Brooks
|
0-0: Called Strike 0-1: Ball 1-1: Foul Ball, location: 2F 1-2: Strikes out swinging
|
Batting: LHB Steven Smith
|
0-0: Ball 1-0: Ball 2-0: Foul Ball, location: 2F 2-1: Ball 3-1: Called Strike 3-2: Strikes out looking
|
Batting: LHB Jon Rogers
|
0-0: Fly out, F7 (Flyball, 7LS)
|
Bottom of the 9th over - 0 runs, 0 hits, 0 errors, 1 left on base; Moose Jaw 6 - San Diego 3 |
|